 Dungeon Sprint DCSS version 0.19.5 (webtiles) character file.

1701 Snowbourne the Bewitcher (level 8, -13/36 HPs)
             Began as a Spriggan Enchanter on May 12, 2017.
             Mangled by a yaktaur captain (23 damage)
             ... in the Dungeon (Sprint II: "The Violet Keep of Menkaure").
             The game lasted 00:03:06 (996 turns).

Snowbourne the Bewitcher (Spriggan Enchanter)        Turns: 996, Time: 00:03:06

Health: -13/36     AC:  3    Str:  4    XL:     8   Next: 73%
Magic:  5/13       EV: 18    Int: 17    God:
Gold:   972        SH:  0    Dex: 18    Spells: 4 memorised, 3 levels left

rFire  . . .     SeeInvis +     a - +1 dagger
rCold  . . .     Gourm    .     b - +1 robe
rNeg   . . .     Faith    .     (shield restricted)
rPois  .         Spirit   .     (helmet restricted)
rElec  .         Reflect  .     (no cloak)
rCorr  .         Harm     .     (gloves unavailable)
MR     +....     NoTele   +     (boots unavailable)
Stlth  +++++++...               (no amulet)
                                (no ring)
                                (no ring)

@: very slightly contaminated, very quick
A: unfitting armour, see invisible, herbivore 3, speed 3, slow metabolism 2
a: no special abilities


You were in the Dungeon.
You were not hungry.

You visited 1 branch You collected 972 gold pieces.

Inventory:

Hand Weapons
 a - a +1 dagger (weapon)
Armour
 b - a +1 robe (worn)
Potions
 e - a potion of curing
 g - a potion of haste
 h - a potion of magic
Books
 c - a book of Maledictions

   Spells                             Type                      Level
   a - Corona                         Hexes                        1
   b - Ensorcelled Hibernation        Hexes/Ice                    2
   c - Confuse                        Hexes                        3
   d - Tukima's Dance                 Hexes                        3
   e - Dazzling Spray                 Conjuration/Hexes            3
Comestibles
 d - a bread ration


   Skills:
 - Level 1.1 Short Blades
 - Level 3.0 Dodging
 + Level 16.9 Stealth
 - Level 2.6 Spellcasting
 * Level 17.9 Hexes


You had 3 spell levels left.
You knew the following spells:

 Your Spells              Type           Power        Failure   Level  Hunger
a - Corona                Hex            ######.      0%          1    #......
b - Ensorcelled Hibernat  Hex/Ice        ####..       1%          2    ##.....
c - Confuse               Hex            ######..     1%          3    ###....
d - Dazzling Spray        Conj/Hex       ####..       1%          3    ###....


Dungeon Overview and Level Annotations

Branches:
Dungeon (1/1)

Altars:
Gozag

Shops:
D ((=:

Annotations:
D exclusion: obsidian statue, Kirke


Innate Abilities, Weirdness & Mutations

You are very small and have problems with some larger weapons.
You are too small for most types of armour.
You have supernaturally acute eyesight. (SInv)
You are a herbivore.
You cover ground extremely quickly.
You need consume almost no food.


Message History

The yaktaur captain resists with almost no effort.
Casting: Ensorcelled Hibernation
Confirm with . or Enter, or press ? or * to list all spells.
Aiming: Ensorcelled Hibernation
Press: ? - help, Shift-Dir - straight line, f/p - yaktaur captain
Aim: a yaktaur captain (chance to defeat MR: 26%)
The yaktaur captain resists with almost no effort.
The yaktaur captain hits you!!
Ouch! That really hurt!
* * * LOW HITPOINT WARNING * * *
Casting: Ensorcelled Hibernation
Confirm with . or Enter, or press ? or * to list all spells.
Aiming: Ensorcelled Hibernation
Press: ? - help, Shift-Dir - straight line, f/p - yaktaur captain
Aim: a yaktaur captain (chance to defeat MR: 26%)
The yaktaur captain resists with almost no effort.
The kobold demonologist casts a spell.
The yaktaur captain hits you!!
Ouch! That really hurt!
You die...

####+#### ##§≈≈≈§§§##
##≈≈§≈§§§§≈## ###
+≈≈≈§§8≈≈§§≈#
#5Y@####≈≈≈≈§≈§§≈
#$zKc@≈# §≈≈§§
######≈≈#+++#+++##
####≈≈≈.........#
.∩.#≈≈≈≈.##+##..#
∩..#≈≈≈≈##...##.####
...#≈≈≈≈#..#..#....#
...#≈≈####.#.####..##
...#≈##.###'###.##..#
∩..#≈#...##†##.#.#..#


You could see Kirke (invisible), a yaktaur captain, an elephant, a skeletal
warrior, a kobold demonologist and an iron imp.

Vanquished Creatures
  2 tyrant leeches (D)
  2 hippogriffs (D)
  4 neqoxecs (D)
  Menkaure (D)
  4 necrophages (D)
13 creatures vanquished.

Vanquished Creatures (others)
  A crocodile (D)
1 creature vanquished.

Grand Total: 14 creatures vanquished

Notes
Turn   | Place    | Note
-------+----------+-------------------------------------------
     0 | D        | Snowbourne the Spriggan Enchanter began the quest for the Orb.
     0 | D        | Reached XP level 1. HP: 9/9 MP: 5/5
     1 | D        | Noticed a tyrant leech
     1 | D        | Noticed a tyrant leech
     4 | D        | Noticed a neqoxec
     7 | D        | Noticed a hippogriff
     7 | D        | Noticed a hippogriff
    10 | D        | Noticed a necrophage
    10 | D        | Noticed a necrophage
    10 | D        | Noticed a necrophage
    10 | D        | Noticed a necrophage
    18 | D        | Killed a necrophage
    18 | D        | Reached skill level 9 in Hexes
    18 | D        | Reached XP level 2. HP: 8/13 MP: 6/6
    18 | D        | Reached XP level 3. HP: 10/16 MP: 8/8
    18 | D        | Reached XP level 4. HP: 13/21 MP: 9/9
    23 | D        | Killed a necrophage
    23 | D        | Reached skill level 10 in Stealth
    23 | D        | Reached skill level 11 in Hexes
    23 | D        | Reached XP level 5. HP: 15/24 MP: 10/10
    29 | D        | Killed a necrophage
    29 | D        | Reached skill level 12 in Hexes
    39 | D        | Killed a necrophage
    39 | D        | Reached skill level 13 in Hexes
    39 | D        | Reached XP level 6. HP: 4/27 MP: 11/11
   365 | D        | Learned a level 2 spell: Ensorcelled Hibernation
   369 | D        | Learned a level 3 spell: Confuse
   373 | D        | Learned a level 3 spell: Dazzling Spray
   373 | D        | Noticed an ice statue
   375 | D        | Noticed Menkaure
   377 | D        | Killed Menkaure
   377 | D        | Reached skill level 14 in Hexes
   390 | D        | Killed a hippogriff
   390 | D        | Reached XP level 7. HP: 31/31 MP: 12/12
   395 | D        | Killed a hippogriff
   395 | D        | Reached skill level 15 in Hexes
   680 | D        | Killed a tyrant leech
   680 | D        | Reached skill level 15 in Stealth
   680 | D        | Reached skill level 16 in Hexes
   680 | D        | Reached XP level 8. HP: 36/36 MP: 4/13
   689 | D        | Killed a tyrant leech
   888 | D        | Reached skill level 17 in Hexes
   898 | D        | Noticed an obsidian statue
   910 | D        | Found an opulent altar of Gozag.
   989 | D        | Noticed Kirke
   989 | D        | Noticed a yaktaur captain
   989 | D        | Noticed a kobold demonologist
   990 | D        | Found Sokene's Jewellery Shop.
   990 | D        | Found Mifevie's Book Boutique.
   990 | D        | Noticed a centaur warrior
   991 | D        | Found Vieg's Weapon Shop.
   991 | D        | Found Haqar's Antique Weapon Shop.
   991 | D        | Noticed an elephant
   992 | D        | Noticed a skeletal warrior
   996 | D        | Mangled by a yaktaur captain

Skill      XL: |  1  2  3  4  5  6  7  8 |
---------------+-------------------------+-----
Stealth        | 8 10 12 14 15 16 | 16.9
Hexes          | 9 11 13 14 16 17 | 17.9
Short Blades   | |  1.1
Dodging        | |  3.0
Spellcasting   | |  2.6

Action                   |  1- 3 |  4- 6 |  7- 9 || total
-------------------------+-------+-------+-------++-------
Melee: Dagger            |     7 |    23 |    12 ||    42
 Cast: Ensorcelled Hiber |       |       |    13 ||    13
       Confuse           |       |       |     5 ||     5
  Use: Potion            |     1 |       |     2 ||     3
       Scroll            |       |       |     1 ||     1
 Stab: Sleeping          |       |     2 |     8 ||    10
Dodge: Dodged            |     3 |     8 |     8 ||    19
